 Dungeon Crawl Stone Soup version 0.22-a0-284-g99d1f74 (webtiles) character file.

1188 grindst0ne the Shield-Bearer (level 8, -6/64 HPs)
             Began as a Formicid Fighter on Mar 21, 2018.
             Was a Believer of Zin.
             Mangled by a mummy (13 damage)
             ... in an ossuary.
             The game lasted 00:09:54 (5214 turns).

grindst0ne the Shield-Bearer (Formicid Fighter)     Turns: 5214, Time: 00:09:55

Health: -6/64      AC:  7    Str: 27    XL:     8   Next: 71%
Magic:  8/10       EV:  9    Int: 15    God:    Zin [**....]
Gold:   153        SH: 11    Dex: 11    Spells: 7/7 levels left

rFire    . . .     SeeInvis +   q - +0 short sword (venom)
rCold    . . .     Gourm    .   c - +0 shield
rNeg     . . .     Faith    +   b - +0 scale mail
rPois    ∞         Spirit   .   (helmet unavailable)
rElec    .         Reflect  .   (no cloak)
rCorr    .         Harm     .   (no gloves)
MR       .....                  (no boots)
Stlth    ..........             g - amulet of faith
HPRegen  0.20/turn              m - +4 ring of intelligence
MPRegen  0.12/turn              (no ring)

@: mighty, vitalised
A: permanent stasis, dig shafts and tunnels, four strong arms, antennae 3
a: Dig, Shaft Self, Recite, Vitalisation, Donate Gold, Renounce Religion


You were in an ossuary.
You worshipped Zin.
Zin was pleased with you.
You were not hungry.

You visited 1 branch of the dungeon, and saw 6 of its levels.
You also visited: Ossuary.

You collected 169 gold pieces.
You donated 16 gold pieces to Zin.

Inventory:

Hand Weapons
 a - a +0 war axe
 p - a +0 blowgun
 q - a +0 short sword of venom (weapon)
Missiles
 r - 9 poisoned needles
 w - 6 tomahawks (quivered)
Armour
 b - a +0 scale mail (worn)
 c - a +0 shield (worn)
 k - a +0 large shield
Jewellery
 g - an amulet of faith (around neck)
 m - a +4 ring of intelligence (left hand)
 v - an uncursed ring of flight {unknown}
Wands
 s - a wand of paralysis (11)
Scrolls
 h - 2 scrolls of identify
 l - a scroll of amnesia
 o - a scroll of remove curse
 t - 3 scrolls of teleportation {unknown}
 u - a scroll of random uselessness {unknown}
 x - a scroll of immolation {unknown}
Potions
 e - 2 potions of cancellation {unknown}
 i - a potion of curing
 j - 2 potions of heal wounds
 n - a potion of haste
 z - a potion of resistance {unknown}
Comestibles
 f - 12 rations
 A - a chunk of flesh


   Skills:
 + Level 5.7 Fighting
 + Level 4.6 Axes
 + Level 5.8 Armour
 + Level 6.3 Shields
 + Level 3.5 Invocations
 + Level 3.3 Evocations


You had 7 spell levels left.
You didn't know any spells.

Dungeon Overview and Level Annotations

Branches:
Dungeon (6/15)             Temple (0/1) D:4

Altars:
Elyvilon
Vehumet
Zin

Shops:
D:5 [


Innate Abilities, Weirdness & Mutations

You cannot be hasted, slowed, berserked, paralysed or teleported.
You can dig through walls and to a lower floor.
Your four strong arms can wield two-handed weapons with a shield.
You have a pair of large antennae on your head. (SInv)


Message History

You barely miss the mummy.
The mummy is almost destroyed.
The mummy hits you!
Okay, then.
You feel very mighty all of a sudden. You block the mummy's attack.
Zin grants you divine stamina. The mummy hits you.
* * * LOW HITPOINT WARNING * * *
The mummy hits you.
* * * LOW HITPOINT WARNING * * *
You barely miss the mummy.
The mummy is almost destroyed.
The mummy barely misses you.
Your shield and scale mail prevent you from hitting the mummy.
The mummy is almost destroyed.
You block the mummy's attack. The mummy hits you!
* * * LOW HITPOINT WARNING * * *
The mummy hits you!
You die...

### {#.#{ {
≈≈.#'#+#'#+#+#
≈≈≈≈.........+{
.##+##+##M##.#
{#M@M# #.∩.#
{#∩..# { #####
{ { { { { {


You could see 3 mummies.

Vanquished Creatures
  Eustachio (D:4)
  A water moccasin (D:5)
  2 ice beasts
  An ogre (D:5)
  A phantom (D:5)
  An orc priest (D:5)
  5 orc wizards
  6 worker ants
  7 gnolls (D:5)
  9 adders
  An adder skeleton (D:4)
  2 worms
  4 dart slugs
  2 leopard geckos (D:1)
  20 orcs
  2 ball pythons (D:1)
  3 giant cockroaches
  6 goblins
  8 hobgoblins
  3 jackals (D:1)
  7 kobolds
  A ball python zombie (D:5)
  14 bats
  5 frilled lizards
  5 rats
117 creatures vanquished.

Vanquished Creatures (others)
  2 withered plants (Ossuary)
2 creatures vanquished.

Grand Total: 119 creatures vanquished

Notes
Turn   | Place    | Note
-------+----------+-------------------------------------------
     0 | D:1      | grindst0ne the Formicid Fighter began the quest for the Orb.
     0 | D:1      | Reached XP level 1. HP: 18/18 MP: 1/1
    24 | D:1      | Reached XP level 2. HP: 23/24 MP: 2/2
   108 | D:1      | Reached XP level 3. HP: 28/29 MP: 3/3
   154 | D:1      | Reached skill level 4 in Shields
   534 | D:2      | Reached XP level 4. HP: 37/37 MP: 4/4
  1527 | D:3      | Reached XP level 5. HP: 42/42 MP: 5/5
  1706 | D:3      | Found a white marble altar of Elyvilon.
  1709 | D:3      | Found a glowing silver altar of Zin.
  1714 | D:3      | Found a radiant altar of Vehumet.
  1848 | D:3      | Noticed an ice beast
  1858 | D:3      | Killed an ice beast
  1858 | D:3      | Reached XP level 6. HP: 21/49 MP: 6/6
  2252 | D:3      | Became a worshipper of Zin the Law-Giver
  2317 | D:3      | Reached * piety under Zin
  2442 | D:4      | Reached skill level 5 in Shields
  2497 | D:4      | Reached skill level 1 in Invocations
  2497 | D:4      | Reached skill level 1 in Evocations
  2779 | D:4      | Noticed Eustachio
  2804 | D:4      | Killed Eustachio
  2804 | D:4      | Reached skill level 5 in Armour
  2804 | D:4      | Reached XP level 7. HP: 39/55 MP: 6/8
  2885 | D:4      | Reached skill level 5 in Fighting
  3044 | D:4      | Found a staircase to the Ecumenical Temple.
  3726 | D:5      | Entered Level 5 of the Dungeon
  4178 | D:5      | Found Sihuohats's Antique Armour Boutique.
  4234 | D:5      | Reached ** piety under Zin
  4358 | D:5      | Reached XP level 8. HP: 32/62 MP: 8/10
  4556 | D:5      | Reached skill level 6 in Shields
  5181 | D:6      | Found a sand-covered staircase.
  5187 | Ossuary  | Entered an ossuary
  5214 | Ossuary  | Mangled by a mummy

Vault maps used:
D:1:      noname_arrival_rooms_in_the_neighbourhood, minmay_misc_feat_columns,
          minivault_14
D:2:      corexii_leaking_fountain, minmay_misc_feat_five, due_unseen_surprise
D:3:      grunt_temple_overflow_diamond, first_ration
D:4:      minmay_temple_entry_water_ring, uniq_eustachio
D:5:      serial_shops, shop
D:6:      nicolae_ossuary_entry_plus, minivault_26
Ossuary:  ossuary_zaba_flooded

Skill      XL: |  1  2  3  4  5  6  7  8 |
---------------+-------------------------+-----
Shields        | 4 5 6 |  6.3
Fighting       | 4 5 |  5.7
Armour         | 4 5 |  5.8
Axes           | 3 4 |  4.6
Invocations    | 1 2 3 |  3.5
Evocations     | 1 2 3 |  3.3

Action                   |  1- 3 |  4- 6 |  7- 9 || total
-------------------------+-------+-------+-------++-------
Melee: War axe           |    89 |    71 |       ||   160
       Short sword       |       |   125 |   245 ||   370
Throw: Tomahawk          |       |       |     4 ||     4
Invok: Recite            |       |       |     3 ||     3
       Vitalisation      |       |       |     1 ||     1
 Abil: Dig               |       |     3 |     9 ||    12
  Use: Scroll            |       |     6 |       ||     6
       Potion            |       |       |     2 ||     2
  Eat: Chunk             |       |     7 |     2 ||     9
       Ration            |       |       |     2 ||     2
Armor: Scale mail        |    51 |    77 |    62 ||   190
Dodge: Dodged            |    38 |    47 |    56 ||   141
Block: Shield            |    65 |   104 |   104 ||   273

Table legend:
 A = Spawn XP
 B = Non-spawn XP
 C = Spawn XP percentage of total XP
 D = Spawn monster count
 E = Non-spawn monster count
 F = Spawn count percentage of total count
 G = Total turns spent on level
                    A         B        C        D         E        F      G
               +---------+---------+-------+---------+---------+-------+---------
         Total |       0 |    1698 |   0.0 |       0 |     117 |   0.0 |  5214
               +---------+---------+-------+---------+---------+-------+---------
           D:1 |       0 |      48 |   0.0 |       0 |      24 |   0.0 |   468
           D:2 |       0 |      80 |   0.0 |       0 |      23 |   0.0 |  1043
           D:3 |       0 |     180 |   0.0 |       0 |      19 |   0.0 |   911
           D:4 |       0 |     582 |   0.0 |       0 |      31 |   0.0 |  1513
           D:5 |       0 |     808 |   0.0 |       0 |      20 |   0.0 |  1236
               +---------+---------+-------+---------+---------+-------+---------
